 Dungeon Crawl Stone Soup version 0.28-a0-987-g8383568036 (webtiles) character file.

Game seed: 10652570442514539510

855765 Decritt the Conqueror (level 27, 0/199 HPs)
             Began as a Gargoyle Fighter on Dec 4, 2021.
             Was the Champion of Zin.
             Killed from afar by Gixyqera the pandemonium lord (40 damage)
             ... with a great icy blast
             ... in Pandemonium.
             The game lasted 05:43:04 (99575 turns).

Decritt the Conqueror (Gargoyle Fighter)           Turns: 99575, Time: 05:43:04

Health: 0/199      AC: 65    Str: 34    XL:     27
Magic:  39/39      EV: 24    Int: 13    God:    Zin [******]
Gold:   6075       SH: 30    Dex: 21    Spells: 26/26 levels left

rFire   + + .      SeeInvis +   R - +9 sacred scourge (holy)
rCold   + + .      Faith    .   W - +4 tower shield
rNeg    + + +      Spirit   .   Y - +4 gold dragon scales
rPois   ∞          Reflect  .   t - +5 hat "Iwoxu" {rElec rC+ Dex+4}
rElec   +          Harm     .   a - +1 cloak of Starlight {*Dazzle EV+4 Stlth--}
rCorr   .          Rampage  +   U - +0 pair of gloves of Ashenzari {rN+ Slay+3}
Will    +++++                   I - +2 pair of boots {rampage}
Stlth   ..........              E - amulet of Vampiric Thralls {Contam rElec rN+ Regen+ Str+2 SInv}
HPRegen 1.23/turn               n - ring of the Final Decision {rF+ rN+ Will+ Slay+3 Stlth-}
MPRegen 0.26/turn               B - ring of Starshine {Will++ Int+4 Dex+6 Stlth+}

@: flying, studying 3 skills
A: sickness immunity, AC +20, big wings, negative energy resistance 1,
electricity resistance, torment resistance 1, petrification resistance
}: 8/15 runes: decaying, serpentine, slimy, silver, obsidian, abyssal, demonic,
fiery
a: Renounce Religion, Recite, Vitalisation, Imprison, Sanctuary, Donate Gold


You were in Pandemonium.
You worshipped Zin.
Zin was exalted by your worship.
You visited 16 branches of the dungeon, and saw 73 of its levels.
You visited Pandemonium 2 times, and saw 11 of its levels.
You visited the Abyss 1 time.
You also visited: Gauntlet, Volcano and Desolation.

You collected 12626 gold pieces.
You spent 2741 gold pieces at shops.
You donated 3810 gold pieces to Zin.

Inventory:

Hand Weapons
 R - a +9 sacred scourge of holy wrath (weapon)
Missiles
 x - 4 silver boomerangs
 O - 4 silver javelins
Armour
 a - the +1 cloak of Starlight (worn) {*Dazzle EV+4 Stlth--}
   (You found it on level 3 of the Crypt)

   It may blind those who miss an attack against the wearer in melee combat.
   EV:        It affects your evasion (+4).
   Stlth:     It makes you much less stealthy.
 g - a +2 cloak of willpower
 t - the +5 hat "Iwoxu" (worn) {rElec rC+ Dex+4}
   (You found it on level 6 of the Dungeon)

   Dex:       It affects your dexterity (+4).
   rC:        It protects you from cold.
   rElec:     It insulates you from electricity.
 I - a +2 pair of boots of rampaging (worn)
 U - the +0 pair of gloves of Ashenzari (worn) {rN+ Slay+3}
   (You found it on level 5 of the Vaults)

   Slay:      It affects your accuracy & damage with ranged weapons and melee
   (+3).
   rN:        It protects you from negative energy.
 W - a +4 tower shield (worn)
 Y - +4 gold dragon scales (worn)
Jewellery
 b - the ring "Poasipru" {rPois rF++ Will+ Str+4 Int-3}
   (You acquired it on level 1 of the Depths)

   [ring of willpower]

   Str:       It affects your strength (+4).
   Int:       It affects your intelligence (-3).
   rF:        It greatly protects you from fire.
   rPois:     It protects you from poison.
   Will:      It increases your willpower.
 c - the ring of the Heavens {rC- rN+++ MP+9 AC+4 Int-3}
   (You found it on level 7 of Gehenna)

   [ring of protection]

   AC:        It affects your AC (+4).
   Int:       It affects your intelligence (-3).
   rC:        It makes you vulnerable to cold.
   rN:        It renders you almost immune to negative energy.
   MP:        It affects your magic capacity (+9).
 n - the ring of the Final Decision (left hand) {rF+ rN+ Will+ Slay+3 Stlth-}
   (You found it on level 3 of the Crypt)

   [ring of willpower]

   Slay:      It affects your accuracy & damage with ranged weapons and melee
   (+3).
   rF:        It protects you from fire.
   rN:        It protects you from negative energy.
   Will:      It increases your willpower.
   Stlth:     It makes you less stealthy.
 B - the ring of Starshine (right hand) {Will++ Int+4 Dex+6 Stlth+}
   (You found it in a Gauntlet)

   [ring of dexterity]

   Int:       It affects your intelligence (+4).
   Dex:       It affects your dexterity (+6).
   Will:      It greatly increases your willpower.
   Stlth:     It makes you more stealthy.
 D - an amulet of guardian spirit
 E - the amulet of Vampiric Thralls (around neck) {Contam rElec rN+ Regen+ Str+2 SInv}
   (You found it on level 7 of Gehenna)

   [amulet of regeneration]

   Str:       It affects your strength (+2).
   rElec:     It insulates you from electricity.
   rN:        It protects you from negative energy.
   SInv:      It lets you see invisible.
   Contam:    It causes magical contamination when unequipped.
   Regen:     It increases your rate of health regeneration.
 J - the amulet of Ozexyng {rF++ Regen+ SInv}
   (You took it off a deep elf demonologist on level 4 of the Vaults)

   [amulet of regeneration]

   rF:        It greatly protects you from fire.
   SInv:      It lets you see invisible.
   Regen:     It increases your rate of health regeneration.
 N - the ring "Xust" {rF+ Will+ MP+9 Str+3 Int-4}
   (You took it off a deep elf archer on level 3 of the Elven Halls)

   [ring of willpower]

   Str:       It affects your strength (+3).
   Int:       It affects your intelligence (-4).
   rF:        It protects you from fire.
   MP:        It affects your magic capacity (+9).
   Will:      It increases your willpower.
 P - the ring "Gyomog" {rElec rPois rC+ rCorr Dex+3}
   (You found it on level 2 of the Lair of Beasts)

   [ring of poison resistance]

   Dex:       It affects your dexterity (+3).
   rC:        It protects you from cold.
   rElec:     It insulates you from electricity.
   rPois:     It protects you from poison.
   rCorr:     It protects you from acid and corrosion.
 T - the ring "Diolarra" {rF+ Will+++ rCorr Int-5 Dex-4}
   (You found it in Pandemonium)

   [ring of protection from fire]

   Int:       It affects your intelligence (-5).
   Dex:       It affects your dexterity (-4).
   rF:        It protects you from fire.
   rCorr:     It protects you from acid and corrosion.
   Will:      It greatly increases your willpower.
Wands
 o - a wand of charming (15)
 p - a wand of paralysis (8)
 u - a wand of acid (38)
 y - a wand of iceblast (59)
 Q - a wand of digging (25)
Scrolls
 j - 9 scrolls of fear
 k - 4 scrolls of magic mapping
 m - 2 scrolls of immolation
 q - a scroll of summoning
 r - 43 scrolls of identify
 s - 18 scrolls of teleportation
 z - 6 scrolls of holy word
 A - 3 scrolls of blinking
 C - 5 scrolls of fog
 V - 4 scrolls of silence
Potions
 d - 5 potions of might
 e - 10 potions of curing
 f - 6 potions of mutation
 h - 10 potions of attraction
 v - 5 potions of haste
 w - 4 potions of cancellation
 F - 2 potions of resistance
 G - a potion of berserk rage
 L - 17 potions of ambrosia
 M - 5 potions of heal wounds
Miscellaneous
 i - a tin of tremorstones (2/2)
 l - a phial of floods
 S - a phantom mirror


   Skills:
 O Level 27 Fighting
 * Level 26.7 Maces & Flails
 + Level 25.8 Armour
 * Level 19.6 Dodging
 - Level 25.0 Shields
 - Level 25.0 Invocations


You had 26 spell levels left.
You didn't know any spells.
Your spell library contained the following spells:

 Spells                   Type           Power      Damage    Failure   Level
 Animate Skeleton         Necr           0%         N/A       83%         1
 Apportation              Tloc           0%         N/A       83%         1
 Foxfire                  Conj/Fire      0%         2x1d4     83%         1
 Freeze                   Ice            0%         1d3       83%         1
 Magic Dart               Conj           0%         1d3       83%         1
 Pain                     Necr           0%         1d4       83%         1
 Sandblast                Erth           0%         2d4       83%         1
 Shock                    Conj/Air       0%         1d3       83%         1
 Slow                     Hex            0%         N/A       83%         1
 Sting                    Tmut/Pois      0%         1d3       83%         1
 Summon Small Mammal      Summ           0%         N/A       83%         1
 Blink                    Tloc           0%         N/A       92%         2
 Call Imp                 Summ           0%         N/A       92%         2
 Corpse Rot               Necr/Air       0%         N/A       92%         2
 Ensorcelled Hibernation  Hex/Ice        0%         N/A       92%         2
 Passwall                 Tmut/Erth      0%         N/A       92%         2
 Poisonous Vapours        Pois/Air       0%         N/A       92%         2
 Scorch                   Fire           0%         2d5       92%         2
 Static Discharge         Conj/Air       0%         N/A       92%         2
 Wereblood                Tmut           0%         N/A       92%         2
 Call Canine Familiar     Summ           0%         N/A       99%         3
 Confusing Touch          Hex            0%         N/A       99%         3
 Conjure Flame            Conj/Fire      0%         6-21      99%         3
 Dazzling Flash           Conj/Hex       0%         N/A       99%         3
 Frozen Ramparts          Ice            0%         1d2       99%         3
 Gell's Gravitas          Tloc           0%         N/A       99%         3
 Ignite Poison            Fire/Tmut/Pois 0%         N/A       99%         3
 Inner Flame              Hex/Fire       0%         N/A       99%         3
 Lesser Beckoning         Tloc           0%         N/A       99%         3
 Mephitic Cloud           Conj/Pois/Air  0%         N/A       99%         3
 Ozocubu's Armour         Ice            0%         N/A       99%         3
 Portal Projectile        Hex/Tloc       0%         N/A       99%         3
 Stone Arrow              Conj/Erth      0%         3d7       99%         3
 Swiftness                Air            0%         N/A       99%         3
 Teleport Other           Tloc           0%         N/A       99%         3
 Tukima's Dance           Hex            0%         N/A       99%         3
 Vampiric Draining        Necr           0%         2d6       99%         3
 Airstrike                Air            0%         N/A       100%        4
 Animate Dead             Necr           0%         N/A       100%        4
 Cause Fear               Hex            0%         N/A       100%        4
 Dispel Undead            Necr           0%         3d6       100%        4
 Flame Wave               Conj/Fire      0%         2d4       100%        4
 Fulminant Prism          Conj/Hex       0%         3d6       100%        4
 Hailstorm                Conj/Ice       0%         3d3       100%        4
 Ice Form                 Ice/Tmut       0%         N/A       100%        4
 Leda's Liquefaction      Hex/Erth       0%         N/A       100%        4
 Olgreb's Toxic Radiance  Pois           0%         N/A       100%        4
 Passage of Golubria      Tloc           0%         N/A       100%        4
 Petrify                  Tmut/Erth      0%         N/A       100%        4
 Sticky Flame             Conj/Fire      0%         2d3       100%        4
 Summon Ice Beast         Ice/Summ       0%         N/A       100%        4
 Summon Lightning Spire   Summ/Air       0%         N/A       100%        4
 Agony                    Necr           0%         N/A       100%        5
 Alistair's Intoxication  Tmut/Pois      0%         N/A       100%        5
 Borgnjor's Vile Clutch   Necr/Erth      0%         N/A       100%        5
 Excruciating Wounds      Necr           0%         N/A       100%        5
 Fireball                 Conj/Fire      0%         3d3       100%        5
 Freezing Cloud           Conj/Ice/Air   0%         6-21      100%        5
 Irradiate                Conj/Tmut      0%         3d14      100%        5
 Iskenderun's Battlesphe  Conj           0%         2d6       100%        5
 Lee's Rapid Deconstruct  Erth           0%         3d5*      100%        5
 Lightning Bolt           Conj/Air       0%         1d11      100%        5
 Manifold Assault         Tloc           0%         N/A       100%        5
 Metabolic Englaciation   Hex/Ice        0%         N/A       100%        5
 Silence                  Hex/Air        0%         N/A       100%        5
 Summon Forest            Summ/Tloc      0%         N/A       100%        5
 Summon Mana Viper        Hex/Summ       0%         N/A       100%        5
 Yara's Violent Unravell  Hex/Tmut       0%         3d3       100%        5
 Conjure Ball Lightning   Conj/Air       0%         3x3d6     100%        6
 Death Channel            Necr           0%         N/A       100%        6
 Dispersal                Tloc           0%         N/A       100%        6
 Eringya's Noxious Bog    Tmut/Pois      0%         N/A       100%        6
 Iron Shot                Conj/Erth      0%         9d1       100%        6
 Simulacrum               Ice/Necr       0%         N/A       100%        6
 Starburst                Conj/Fire      0%         6d3       100%        6
 Summon Cactus Giant      Summ           0%         N/A       100%        6
 Dragon Form              Tmut           0%         N/A       100%        7
 Haunt                    Necr/Summ      0%         N/A       100%        7
 Malign Gateway           Summ/Tloc      0%         N/A       100%        7
 Ozocubu's Refrigeration  Ice            0%         4d5       100%        7
 Spellforged Servitor     Conj/Summ      0%         N/A       100%        7
 Storm Form               Tmut/Air       0%         N/A       100%        7
 Summon Hydra             Summ           0%         N/A       100%        7
 Borgnjor's Revivificati  Necr           0%         N/A       100%        8
 Discord                  Hex            0%         N/A       100%        8
 Disjunction              Tloc           0%         N/A       100%        8
 Ignition                 Fire           0%         3d3       100%        8
 Infestation              Necr           0%         N/A       100%        8
 Lehudib's Crystal Spear  Conj/Erth      0%         10d2      100%        8
 Maxwell's Capacitive Co  Air            0%         ∞         100%        8
 Summon Horrible Things   Summ           0%         N/A       100%        8
 Chain Lightning          Conj/Air       0%         N/A       100%        9
 Dragon's Call            Summ           0%         N/A       100%        9
 Fire Storm               Conj/Fire      0%         5d1       100%        9
 Shatter                  Erth           0%         3d5*      100%        9
 Sublimation of Blood     Necr           Unusable   N/A       N/A         2
 Statue Form              Tmut/Erth      Unusable   N/A       N/A         6

Dungeon Overview and Level Annotations

Branches:
Dungeon (15/15)            Temple (1/1) D:5            Lair (6/6) D:11
  Swamp (4/4) Lair:3        Snake (4/4) Lair:2        Slime (5/5) Lair:5
    Orc (2/2) D:9             Elf (3/3) Orc:2        Vaults (5/5) D:14
  Crypt (3/3) Vaults:3       Tomb (0/3) Crypt:3      Depths (4/4) D:15
   Hell (visited)             Dis (5/7) Hell            Geh (7/7) Hell
    Coc (6/7) Hell            Tar (2/7) Hell            Zot (0/5) Depths:4
Volcano (visited)         Desolation (visited)      Gauntlet (visited)

Altars:
Ashenzari
Cheibriados
Dithmenos
Elyvilon
Fedhas
Gozag
Hepliaklqana
Kikubaaqudgha
Makhleb
Nemelex Xobeh
Okawaru
Qazlal
Ru
Sif Muna
Trog
Uskayaw
Vehumet
Wu Jian
Xom
Yredelemnul
Zin
The Shining One
Beogh
Jiyva

Shops:
D:3 [   D:5 (   D:8 (   D:15 ?   Orc:1 =   Orc:2 [[:(*   Elf:2 (   Elf:3 *
Snake:1 :   Vaults:4 [*   Vaults:5 ?   Depths:4 (

Portals:
Hell: Depths:1 Depths:2 Depths:3 Depths:4
Abyss: Depths:1 Depths:3
Pandemonium: Depths:2
Ziggurat: Depths:3


Innate Abilities, Weirdness & Mutations

You are immune to sickness and miasma.
Your stone body is resilient. (AC +20)
You are immune to poison.
Your large and strong wings let you fly.
You resist negative energy. (rN+)
You are resistant to electric shocks. (rElec)
You are resistant to unholy torment.
You are immune to petrification.


Message History

You hit the green death but do no damage.
The green death is severely wounded.
You block the sun demon's attack.
You are too injured to fight recklessly!
You are too injured to fight recklessly!
You thrash the green death!!
You kill the green death!
The green death dissolves into shadows!
Unknown command.
You are too injured to fight recklessly!
You are too injured to fight recklessly!
Unknown command.
You punish the sun demon, causing immense pain!!!
The sun demon convulses!!!
You kill the sun demon!
You block the balrug's attack.
You are too injured to fight recklessly!
You whack the balrug!
The balrug convulses!
The balrug is moderately wounded.
You block the balrug's attack.
You punish the balrug, causing immense pain!!!
The balrug convulses!!!
You kill the balrug!
Zin accepts your kill. You block the lorocyproca's attack.
You are too injured to fight recklessly!
You thrash the lorocyproca!!
The lorocyproca convulses!!
The lorocyproca is heavily wounded.
You thrash the lorocyproca!!
The lorocyproca convulses!
The lorocyproca is almost dead.
You block the lorocyproca's attack.
You hit the lorocyproca.
The lorocyproca convulses.
You kill the lorocyproca!
You start resting.
Gixyqera is nearby!
Gixyqera is nearby!
Gixyqera gestures at you.
Gixyqera conjures a mighty blast of ice!
The great icy blast engulfs you!!! You partially resist.
You die...

..#.#.#.#..#..#.## ... ...
#........## #3....
##...#....#
#...#.####.†#....# ..
#...#..####§.#...## #...
........§§§.))...###.....
...###....§§§..........#
.........§§§§.#.....#####.#
...####[§§§§@.##..#........
##&§§§§...............
#....§§§.!.....#...#...
#.#...§§.......#...# .#
#..#....§..##..)...#.. ...
#.......##.#........ .##
#.###..###2.#........ #.
#... ..##........ .
1....#.####....


You could see Gixyqera.

Vanquished Creatures
  Cerebov (Pan)
  Asmodeus (Geh:7)
  the Royal Jelly (Slime:5)
  A seraph (Pan)
  4 dread liches
  5 ancient liches
  Mennas (Vaults:2)
  A juggernaut (Depths:1)
  Mara (Depths:1)
  Boris (Vaults:4)
  21 shard shrikes
  16 caustic shrikes
  Vashnia (Snake:1)
  Saint Roka (Elf:2)
  6 pandemonium lords (Pan)
  Xtahua (Crypt:1)
  Geryon (Hell)
  3 golden dragons
  Jory (Depths:4)
  7 bone dragons
  3 doom hounds (Tar:1)
  3 Tzitzimimeh
  13 Brimstone Fiends
  An iron giant (Hell)
  A spectral shard shrike (Tar:1)
  14 hellephants
  12 tentacled monstrosities
  10 Hell Sentinels
  Jorgrun (Elf:1)
  Rupert (D:14)
  7 Ice Fiends
  7 liches
  17 searing wretches
  A titan (shapeshifter) (Depths:1)
  2 deep elf blademasters (Elf:3)
  2 quicksilver dragons
  3 titans
  10 ancient champions
  19 acid blobs
  3 deep elf master archers (Elf:3)
  7 sphinxes
  9 Executioners
  5 tentacled starspawn
  Frances (Swamp:2)
  A kraken (Abyss:4)
  A thorn hunter (Swamp:1)
  5 shadow dragons
  Roxanne (Swamp:3)
  7 storm dragons
  Kirke (Swamp:1)
  6 rockslimes
  6 azure jellies
  3 revenants
  8 demonspawn warmongers (Pan)
  9 nagarajas
  7 tengu reavers
  Donald (Vaults:2)
  3 narguns
  A draconian knight (Depths:4)
  7 daevas (Pan)
  8 frost giants
  29 fire giants
  5 fenstrider witches (Swamp:4)
  2 iron dragons
  4 quicksilver elementals
  14 vault wardens
  An orc warlord (Orc:2)
  10 deep elf sorcerers
  10 cacodemons
  2 imperial myrmidons (Desolation)
  Louise (Depths:3)
  A curse skull (Crypt:3)
  A spectral caustic shrike (Tar:1)
  14 angels
  44 balrugs
  A draconian shifter (Abyss:1)
  4 shard shrike simulacra
  17 reapers
  5 deep elf elementalists
  15 ironbound preservers
  6 demonspawn blood saints (Pan)
  8 ghouls
  20 stone giants
  9 demonspawn corrupters (Pan)
  10 very ugly things
  11 ophanim (Pan)
  A spriggan defender (Depths:3)
  15 war gargoyles
  2 caustic shrike skeletons
  8 elemental wellsprings
  7 quicksilver oozes
  7 demonspawn black suns (Pan)
  A green draconian (Depths:4)
  8 vampire knights
  7 apis (Pan)
  9 putrid mouths
  10 deep elf annihilators
  10 lorocyprocas (Pan)
  12 deep elf demonologists
  6 eleionomae
  A spectral titan (Tar:1)
  3 entropy weavers
  A minotaur (shapeshifter) (Vaults:5)
  A minotaur (Gauntlet)
  2 halazid warlocks (Desolation)
  10 dire elephants
  A purple draconian (Depths:4)
  4 wendigos
  A white draconian (Depths:4)
  3 eidola
  7 spark wasps
  3 bunyips
  A red draconian (Depths:4)
  The ghost of Ybifatz the Covert, a journeyman SpEn of Gozag (Lair:6)
  12 green deaths
  10 deep elf death magi
  6 iron golems
  A spectral quicksilver dragon (Tar:1)
  17 blizzard demons
  3 crystal guardians
  5 jiangshi
  11 ettins
  6 fire dragons
  10 yaktaur captains
  A merfolk impaler (Abyss:4)
  3 rakshasas
  A shambling mangrove (Abyss:4)
  2 ragged hierophants (Desolation)
  A spectral fenstrider witch (Tar:1)
  9 deep elf high priests
  A quicksilver dragon skeleton (Crypt:3)
  5 servants of whispers (Desolation)
  The ghost of caleiya the Spear-Bearer, a journeyman GrFi of Okawaru (Lair:2)
  31 vault guards
  10 ironbound thunderhulks
  4 hell beasts
  13 naga warriors
  10 salamander tyrants
  14 great orbs of eyes
  9 centaur warriors
  Harold (D:7)
  3 ghost crabs
  3 boulder beetles
  13 hydras
  4 caustic shrike simulacra
  8 anacondas
  5 ogre magi
  2 ice dragons
  6 spriggan air magi
  9 two-headed ogres
  6 peacekeepers
  A fenstrider witch skeleton (Crypt:2)
  12 ironbound frosthearts
  7 juggernaut simulacra
  A stoker (Geh:5)
  11 alligators
  A two-headed ogre (shapeshifter) (Vaults:5)
  5 deep troll shamans
  32 dancing weapons
  6 holy swine (Pan)
  A death knight (Crypt:1)
  An alligator (shapeshifter) (Depths:1)
  26 hell hogs
  7 tengu warriors
  4 thrashing horrors
  5 deep troll earth magi
  3 spriggan berserkers (Depths:1)
  4 orc high priests (Orc:2)
  23 hell knights
  3 spectral spriggans
  3 vampire magi
  A titan skeleton (Crypt:2)
  6 shock serpents
  22 deep elf knights
  7 crystal echidnas
  18 naga sharpshooters
  Sonja (Lair:6)
  6 iron trolls
  29 soul eaters
  70 sun demons
  2 shadow wraiths
  A fire crab (Abyss:4)
  4 wretched stars
  2 death drakes
  16 skeletal warriors
  A fire crab (shapeshifter) (Depths:1)
  4 goliath frogs
  12 cherubim (Pan)
  20 sixfirhies
  4 quicksilver dragon simulacra
  A sea snake (shapeshifter) (Elf:3)
  52 deep trolls
  4 salamander mystics
  A glowing orange brain (shapeshifter) (Depths:1)
  8 shadow demons
  9 spriggan druids
  2 spatial maelstroms
  9 glowing orange brains
  A spectral anaconda (Tar:1)
  A spectral bunyip (Tar:1)
  6 bog bodies
  2 obsidian statues (Depths:2)
  27 phantasmal warriors
  12 deep elf archers
  24 deep elf zephyrmancers
  10 naga ritualists
  3 swamp dragons
  An anaconda skeleton (Abyss:1)
  15 ironbound convokers
  6 lindwurms
  Pikel (D:8)
  13 necromancers
  2 shadow dragon zombies
  A tengu zombie (Vaults:1)
  2 wolf spiders (shapeshifter) (Depths:1)
  7 orc knights
  12 wizards
  13 flayed ghosts
  7 orc sorcerers
  A frost giant zombie (Vaults:4)
  11 salamanders
  37 deep elf pyromancers
  12 mana vipers
  3 will-o-the-wisps
  7 shining eyes
  A worldbinder (Abyss:1)
  A manticore (D:13)
  18 ugly things
  3 oklob plants
  An iron dragon skeleton (Crypt:2)
  3 apocalypse crabs
  2 cyclopes (D:14)
  17 elephants
  A frost giant skeleton (Vaults:2)
  11 rust devils
  5 titan simulacra
  A dire elephant zombie (Crypt:2)
  An eye of devastation (shapeshifter) (Vaults:5)
  5 guardian serpents
  A spriggan zombie (Crypt:1)
  A moth of wrath (Lair:2)
  8 eyes of devastation
  2 stone giant skeletons (Crypt:3)
  28 orange demons
  5 torpor snails (Lair:4)
  A water nymph (shapeshifter) (Depths:1)
  5 gargoyles
  12 naga magi
  18 vault sentinels
  Maggie (D:7)
  5 ice statues (Pan)
  50 black mambas
  6 fire giant skeletons
  3 molten gargoyles
  41 smoke demons
  2 spriggan skeletons (Crypt:3)
  15 cane toads
  A dire elephant skeleton (Crypt:1)
  13 hellions
  A white draconian zombie (Crypt:1)
  2 emperor scorpion zombies
  7 efreet
  4 rime drakes
  3 naga skeletons (Crypt:3)
  2 kobold demonologists (D:11)
  21 yaktaurs
  A yaktaur (shapeshifter) (Depths:1)
  2 golden dragon simulacra
  9 komodo dragons
  9 freezing wraiths
  4 ancient zymes
  An unseen horror (shapeshifter) (D:14)
  20 tormentors
  3 tengu conjurers
  3 anaconda simulacra
  3 demonic crawlers (Pan)
  2 bunyip simulacra
  A spectral naga (Tar:1)
  A komodo dragon (shapeshifter) (Depths:1)
  A harpy zombie (Crypt:2)
  2 red draconian skeletons (Crypt:1)
  A catoblepas skeleton (Crypt:2)
  21 hellwings
  5 red devils
  8 ice devils
  A queen bee (Lair:1)
  A yaktaur skeleton (Vaults:5)
  A spectral harpy (Hell)
  A troll (shapeshifter) (Elf:1)
  8 trolls
  8 tyrant leeches
  A shadow dragon simulacrum (Hell)
  4 polar bears
  2 polar bears (shapeshifter) (Depths:1)
  14 raiju
  A tengu simulacrum (Vaults:1)
  A sphinx simulacrum (Vaults:5)
  33 saltlings (Desolation)
  A frost giant simulacrum (Vaults:1)
  8 hornets
  100 slime creatures
  A stone giant simulacrum (Coc:3)
  13 blink frogs
  Prince Ribbit (D:7)
  A spectral swamp dragon (Tar:1)
  2 dream sheep (Lair:6)
  A dream sheep (shapeshifter) (Vaults:5)
  A draconian simulacrum (Coc:1)
  2 iron dragon simulacra
  A meliai zombie (D:11)
  A tarantella (Vaults:3)
  20 spriggans
  6 shadows
  A centaur simulacrum (Hell)
  19 starcursed masses
  3 redbacks (Vaults:3)
  A spriggan (shapeshifter) (Depths:1)
  21 ynoxinuls
  An air elemental (Elf:2)
  4 vampires (Crypt:3)
  5 dire elephant simulacra
  15 flying skulls
  A tarantella (shapeshifter) (Depths:1)
  11 fire dragon skeletons (Crypt:3)
  A spriggan simulacrum (Coc:2)
  A black mamba zombie (Crypt:2)
  A deep troll skeleton (Vaults:1)
  7 fire elementals
  3 hogs (Swamp:1)
  10 wraiths
  A yak (shapeshifter) (D:13)
  6 wyverns
  6 water elementals
  21 golden eyes
  42 yaks
  3 basilisks
  14 fire bats
  Grum (D:8)
  15 large abominations
  14 chaos spawn
  10 small abominations
  An alligator snapping turtle simulacrum (Coc:2)
  5 neqoxecs
  4 vampire mosquitoes
  An elf skeleton (Vaults:5)
  7 harpy simulacra
  A warg (shapeshifter) (D:15)
  57 nagas
  3 acid dragons
  A two-headed ogre zombie (Crypt:2)
  7 hell hounds (D:11)
  8 wargs
  2 merfolk skeletons (Crypt:1)
  10 swamp worms
  A hydra simulacrum (Coc:4)
  19 water moccasins
  3 floating eyes
  2 swamp drakes
  A water nymph skeleton (Crypt:1)
  A cane toad skeleton (Crypt:2)
  6 ettin simulacra
  An ice beast (shapeshifter) (Depths:1)
  A sky beast (D:6)
  A black bear (shapeshifter) (Depths:1)
  An ice beast (Abyss:1)
  A snapping turtle zombie (Crypt:2)
  6 black bears
  An ogre skeleton (Vaults:2)
  40 orc warriors
  A boggart (shapeshifter) (Depths:1)
  3 necrophages
  9 boggarts
  37 wolves
  13 ogres
  10 centaurs
  2 elf simulacra
  A lemure (D:9)
  An octopode zombie (Crypt:1)
  A phantom (D:6)
  3 kobold brigands
  19 bullfrogs
  A komodo dragon skeleton (Crypt:2)
  4 earth elementals
  A scorpion (D:6)
  A glowing shapeshifter simulacrum (Vaults:2)
  A gnoll sergeant (D:7)
  A human skeleton (Vaults:4)
  2 naga simulacra
  A wyvern skeleton (D:6)
  A water moccasin skeleton (D:4)
  35 killer bees
  2 polar bear zombies (Crypt:2)
  4 electric eels
  6 wights
  2 howler monkeys (D:9)
  A lava snake (D:14)
  A quasit (Abyss:1)
  A crimson imp (Abyss:1)
  2 centaur zombies
  A human zombie (Crypt:1)
  2 jellies
  16 orc priests
  A bullfrog skeleton (D:5)
  3 centaur skeletons
  An iron imp (Abyss:1)
  A gnoll shaman (D:4)
  An iguana (D:6)
  15 orc wizards
  A killer bee zombie (D:7)
  A hound zombie (D:5)
  A hound skeleton (D:5)
  3 howler monkey zombies
  Robin (D:2)
  18 gnolls
  5 adders
  A shadow imp (D:6)
  2 white imps (Abyss:1)
  8 ufetubi
  A worm zombie (Crypt:1)
  2 worms
  A dart slug (D:1)
  76 orcs
  9 bats
  8 endoplasms
  3 giant cockroaches
  8 hobgoblins
  4 quokkas
  4 ball pythons
  2 frilled lizards
  16 goblins
  A jackal skeleton (Crypt:1)
  16 kobolds
  7 rats
  3 creeping infernos
  26 fire vortices
  2 starspawn tentacles (Abyss:1)
3177 creatures vanquished.

Vanquished Creatures (collateral kills)
  2 shard shrikes (Coc:6)
  A titan simulacrum (Coc:6)
  A harpy simulacrum (Coc:6)
4 creatures vanquished.

Vanquished Creatures (others)
  2 shard shrikes
  A demonspawn blood saint (Pan)
  An ophan (Pan)
  2 wendigos
  A caustic shrike simulacrum (Coc:2)
  A hell beast (Hell)
  A naga warrior (Snake:4)
  2 stokers
  A spriggan (Swamp:4)
  A necromancer (Hell)
  A will-o-the-wisp (Swamp:4)
  A smoke demon (Pan)
  2 iron giant simulacra (Coc:5)
  2 bloated husks (Swamp:2)
  A hornet (Swamp:4)
  A stone giant simulacrum (Coc:2)
  A ynoxinul (Pan)
  3 dire elephant simulacra
  2 golden eyes
  A swamp drake (Swamp:2)
  An ettin simulacrum (Coc:2)
  An ogre (Vaults:5)
  A centaur (D:12)
  A merfolk simulacrum (Coc:2)
  A swamp dragon simulacrum (Hell)
  A creeping inferno (Geh:3)
  4 demonic plants (Gauntlet)
  A fire vortex (Geh:7)
  22 foxfires
  43 fungi
  27 plants
  12 starspawn tentacles
  4 tentacles (Abyss:4)
  12 withered plants (Depths:1)
159 creatures vanquished.

Grand Total: 3340 creatures vanquished

Notes
Turn   | Place    | Note
-------+----------+-------------------------------------------
     0 | D:1      | Decritt the Gargoyle Fighter began the quest for the Orb.
     0 | D:1      | Reached XP level 1. HP: 14/14 MP: 1/1
   217 | D:1      | Found a faded altar of an unknown god.
   291 | D:1      | Reached XP level 2. HP: 19/19 MP: 2/2
  1042 | D:2      | Noticed Robin
  1060 | D:2      | Reached XP level 3. HP: 16/24 MP: 3/3
  1480 | D:2      | Killed Robin
  1531 | D:2      | Found an ancient bone altar of Kikubaaqudgha.
  1588 | D:2      | Reached skill level 4 in Fighting
  1746 | D:2      | Reached XP level 4. HP: 28/29 MP: 4/4
  2448 | D:3      | Found a blossoming altar of Fedhas.
  2495 | D:3      | Found Ocli's Antique Armour Shop.
  2592 | D:3      | Reached XP level 5. HP: 34/34 MP: 5/5
  2956 | D:3      | Found a shimmering altar of Xom.
  3436 | D:4      | Reached XP level 6. HP: 40/40 MP: 6/6
  3847 | D:4      | Reached skill level 5 in Fighting
  4000 | D:4      | Noticed a black bear
  4009 | D:4      | Killed a black bear
  4010 | D:4      | Reached skill level 5 in Armour
  4010 | D:4      | Reached XP level 7. HP: 42/44 MP: 7/7
  4232 | D:5      | Entered Level 5 of the Dungeon
  4296 | D:5      | Found a staircase to the Ecumenical Temple.
  4308 | Temple   | Entered the Ecumenical Temple
  4406 | Temple   | Became a worshipper of the Shining One
  4756 | D:5      | Found Liemos Vunu's Antique Weapon Shoppe.
  4785 | D:5      | Found a white marble altar of Elyvilon.
  4789 | D:5      | Found a hazy altar of Hepliaklqana.
  4790 | D:5      | Found a broken altar of Ashenzari.
  4790 | D:5      | Found a snail-covered altar of Cheibriados.
  4790 | D:5      | Found a hide-covered altar of Uskayaw.
  4791 | D:5      | Found a shadowy altar of Dithmenos.
  5307 | D:6      | Reached skill level 6 in Fighting
  5307 | D:6      | Reached skill level 5 in Maces & Flails
  5307 | D:6      | Reached XP level 8. HP: 51/51 MP: 8/8
  5512 | D:6      | Reached skill level 5 in Shields
  5563 | D:6      | Identified the +5 hat "Iwoxu" {rElec rC+ Dex+4}
  5608 | D:6      | Found a bloodstained altar of Trog.
  5991 | D:7      | Noticed Harold
  6018 | D:7      | HP: 2/52 [Harold (16)]
  6019 | D:7      | Killed Harold
  6020 | D:7      | Reached skill level 7 in Fighting
  6020 | D:7      | Reached XP level 9. HP: 15/57 MP: 9/9
  6300 | D:7      | Noticed Maggie
  6327 | D:7      | Killed Maggie
  6633 | D:5      | Bought a jewelled flail for 195 gold pieces
  6633 | D:5      | Identified the +8 flail of the Big Fish {drain, rCorr} (You
                  | bought it in a shop on level 5 of the Dungeon)
  6816 | D:7      | Reached * piety under the Shining One
  6826 | D:7      | Reached skill level 8 in Fighting
  7320 | D:7      | Noticed Prince Ribbit
  7329 | D:7      | Killed Prince Ribbit
  7794 | D:8      | Noticed Grum
  7805 | D:8      | Reached XP level 10. HP: 52/65 MP: 10/10
  7824 | D:8      | Killed Grum
  7825 | D:8      | Reached skill level 9 in Fighting
  8040 | D:8      | Reached ** piety under the Shining One
  8334 | D:8      | Found Zouse's Antique Weapon Emporium.
  8545 | D:9      | Noticed a two-headed ogre
  8556 | D:9      | Killed a two-headed ogre
  8557 | D:9      | Reached skill level 1 in Invocations
  8798 | D:8      | Reached skill level 10 in Fighting
  9402 | D:9      | Found a shimmering blue altar of Sif Muna.
  9405 | D:9      | Found a glowing silver altar of Zin.
  9512 | D:9      | Found a staircase to the Orcish Mines.
  9812 | D:9      | Noticed Pikel
  9831 | D:8      | Killed Pikel
  9832 | D:8      | Reached XP level 11. HP: 37/73 MP: 13/13
 10222 | D:9      | Found an ornate altar of the Wu Jian Council.
 10364 | D:10     | Entered Level 10 of the Dungeon
 10690 | D:10     | Reached skill level 10 in Armour
 10819 | D:10     | Reached skill level 11 in Fighting
 11397 | D:11     | Reached *** piety under the Shining One
 11510 | D:11     | Found a staircase to the Lair.
 12103 | D:11     | Reached skill level 5 in Invocations
 12374 | D:11     | Got the Tome of Air
 12477 | D:11     | Noticed a boulder beetle
 12510 | D:11     | Killed a boulder beetle
 12511 | D:11     | Reached skill level 12 in Fighting
 12865 | Lair:1   | Entered Level 1 of the Lair of Beasts
 12918 | Lair:1   | Found a gate leading to a gauntlet.
 12927 | Gauntlet | Entered a Gauntlet
 12927 | Gauntlet | Found a transporter.
 12929 | Gauntlet | Noticed a necromancer
 12934 | Gauntlet | Found a transporter.
 12937 | Gauntlet | Found a transporter.
 12938 | Gauntlet | Found a transporter.
 12946 | Gauntlet | Found a transporter.
 12949 | Gauntlet | Found a transporter.
 12950 | Gauntlet | Found a transporter.
 12952 | Gauntlet | Noticed a sixfirhy
 12958 | Gauntlet | Found a transporter.
 12961 | Gauntlet | Found a transporter.
 12962 | Gauntlet | Found a transporter.
 12964 | Gauntlet | Noticed a quicksilver ooze
 12964 | Gauntlet | Reached **** piety under the Shining One
 12966 | Gauntlet | Found a runed translucent door.
 12966 | Gauntlet | Found a runed translucent door.
 12970 | Gauntlet | Found a transporter.
 12973 | Gauntlet | Found a transporter.
 12974 | Gauntlet | Found a transporter.
 12978 | Gauntlet | Noticed a fire crab
 12991 | Gauntlet | Found a transporter.
 13079 | Gauntlet | Killed a necromancer
 13131 | Gauntlet | Reached XP level 12. HP: 81/81 MP: 16/16
 13160 | Gauntlet | Identified the ring of Starshine {Will++ Int+4 Dex+6
                  | Stlth+}
 13341 | Gauntlet | Killed a quicksilver ooze
 13546 | Gauntlet | Reached skill level 10 in Maces & Flails
 13785 | Gauntlet | Noticed a minotaur
 13801 | Gauntlet | Killed a minotaur
 14843 | Lair:1   | Identified the +8 dagger "Mityim" {vorpal, rF+ rCorr
                  | Stlth+}
 14874 | Lair:1   | Reached skill level 13 in Fighting
 15662 | Lair:2   | Found a transporter.
 15668 | Lair:2   | Found a transporter.
 15670 | Lair:2   | Found the +9 sword of Zonguldrok {reap}
 15674 | Lair:2   | Noticed caleiya's ghost (journeyman GrFi)
 15738 | Lair:2   | Reached XP level 13. HP: 88/88 MP: 18/18
 15851 | Lair:2   | Found a staircase to the Snake Pit.
 16213 | Lair:2   | Reached skill level 1 in Dodging
 16806 | Lair:3   | Reached ***** piety under the Shining One
 16822 | Lair:3   | Found a staircase to the Swamp.
 17680 | Lair:3   | Reached skill level 14 in Fighting
 18742 | Lair:4   | Found a snail-covered altar of Cheibriados.
 19621 | Lair:5   | Reached skill level 10 in Shields
 19743 | Lair:5   | Found a dark tunnel.
 19768 | Volcano  | Entered a volcano
 19862 | Volcano  | Noticed a stone giant
 19877 | Volcano  | Killed a stone giant
 19878 | Volcano  | Gained mutation: Your large and strong wings let you fly.
                  | [Gargoyle growth]
 19878 | Volcano  | Reached XP level 14. HP: 80/96 MP: 20/20
 20749 | Lair:5   | Found a staircase to the Slime Pits.
 20749 | Lair:5   | Found a viscous altar of Jiyva.
 21100 | Lair:6   | Entered Level 6 of the Lair of Beasts
 21480 | Lair:6   | Reached skill level 15 in Fighting
 22384 | Lair:6   | Noticed Sonja
 22401 | Lair:6   | Killed Sonja
 23091 | Lair:6   | Found a runed translucent door.
 23096 | Lair:6   | Noticed Ybifatz's ghost (journeyman SpEn)
 23109 | Lair:6   | Killed Ybifatz's ghost
 23562 | Lair:2   | Killed caleiya's ghost
 23720 | Lair:2   | Identified the ring "Gyomog" {rElec rPois rC+ rCorr Dex+3}
 23787 | Snake:1  | Entered Level 1 of the Snake Pit
 23824 | Snake:1  | Reached XP level 15. HP: 104/104 MP: 20/22
 24172 | Snake:1  | Reached skill level 16 in Fighting
 24190 | Snake:1  | Found Ivecw's Self-Improvement Boutique.
 24641 | Snake:2  | Got the Catalogue of Battle Magic
 24871 | Snake:2  | Noticed a nagaraja
 24885 | Snake:2  | Killed a nagaraja
 25305 | Snake:2  | Noticed Vashnia
 25322 | Snake:2  | Reached skill level 10 in Invocations
 25544 | Snake:1  | Killed Vashnia
 25993 | Snake:2  | Reached ****** piety under the Shining One
 26839 | Snake:3  | Reached XP level 16. HP: 89/112 MP: 23/23
 27167 | Snake:3  | Reached skill level 17 in Fighting
 28121 | Snake:4  | Entered Level 4 of the Snake Pit
 28121 | Snake:4  | Noticed a nagaraja
 28139 | Snake:4  | Killed a nagaraja
 28311 | Snake:4  | Reached skill level 15 in Maces & Flails
 28717 | Snake:4  | Noticed a nagaraja
 28783 | Snake:4  | Killed a nagaraja
 28826 | Snake:4  | Noticed a nagaraja
 29447 | Snake:3  | Killed a nagaraja
 30739 | Snake:4  | Noticed a nagaraja
 30758 | Snake:4  | Killed a nagaraja
 31336 | Snake:4  | Reached skill level 18 in Fighting
 31452 | Snake:4  | Noticed a nagaraja
 31503 | Snake:4  | Killed a nagaraja
 31504 | Snake:4  | Reached XP level 17. HP: 110/119 MP: 25/25
 31692 | Snake:4  | Got a serpentine rune of Zot
 32409 | D:12     | Identified the +8 hunting sling "Zurydegaa" {venom, Fragile
                  | rElec rF+++ Str-3}
 34044 | D:14     | Found a gate to the Vaults.
 34199 | D:15     | Entered Level 15 of the Dungeon
 34201 | D:15     | Noticed Rupert
 34214 | D:15     | Reached skill level 15 in Armour
 34259 | D:14     | Killed Rupert
 34536 | D:15     | Found Pakhi's Magic Scroll Shop.
 34767 | D:15     | Found a staircase to the Depths.
 35158 | Depths:1 | Entered Level 1 of the Depths
 35182 | Depths:1 | Found a gateway to Hell.
 35421 | Depths:1 | Identified a +6 sacred scourge of holy wrath (a +4 demon
                  | whip blessed by the Shining One)
 35421 | Depths:1 | Received a gift from the Shining One
 35440 | Depths:1 | Reached XP level 18. HP: 127/127 MP: 27/27
 35488 | Depths:1 | Found a one-way gate to the infinite horrors of the Abyss.
 35628 | Depths:1 | Gained mutation: You tend to lose your temper in combat. [a
                  | shining eye]
 35633 | Depths:1 | Lost mutation: You tend to lose your temper in combat. [a
                  | shining eye]
 35915 | Orc:1    | Entered Level 1 of the Orcish Mines
 35957 | Orc:2    | Entered Level 2 of the Orcish Mines
 35965 | Orc:2    | Found Ymymes's Antique Armour Emporium.
 36204 | Orc:2    | Found Ohyas's Book Emporium.
 36223 | Orc:2    | Reached skill level 19 in Fighting
 36276 | Orc:2    | Found Daruj's General Store.
 36473 | Orc:2    | Found Qugadut's Antique Weapon Shop.
 36678 | Orc:2    | Reached skill level 15 in Shields
 36735 | Orc:2    | Found a staircase to the Elven Halls.
 36832 | Orc:2    | Found Uraun's Armour Boutique.
 37133 | Orc:1    | Found Nujewn's Jewellery Shop.
 37691 | Elf:1    | Entered Level 1 of the Elven Halls
 37935 | Elf:1    | Noticed Jorgrun
 37947 | Elf:1    | Killed Jorgrun
 39004 | Elf:2    | Found Biogow's Weapon Boutique.
 40285 | Elf:2    | Reached XP level 19. HP: 134/134 MP: 28/28
 40290 | Elf:2    | Found a runed translucent gate.
 40291 | Elf:2    | Found a runed translucent gate.
 40291 | Elf:2    | Found a runed translucent gate.
 40324 | Elf:2    | Paralysed by an air elemental for 1 turns
 40914 | Elf:3    | Entered Level 3 of the Elven Halls
 40914 | Elf:3    | Noticed Saint Roka
 40935 | Elf:2    | Killed Saint Roka
 40936 | Elf:2    | Reached skill level 20 in Fighting
 41191 | Elf:3    | Found Hetroex's Assorted Antiques.
 41533 | Elf:3    | Noticed a Hell Sentinel
 42177 | Elf:3    | Identified the +1 robe of Jiuk {rPois rF- Str+5 Dex+2}
 42195 | Elf:3    | Identified the +7 lajatang "Gargoyle's Death" {drain, Str+4
                  | Dex+5}
 42195 | Elf:3    | Identified the ring "Buon" {rElec rC+ Dex+2}
 42222 | Elf:3    | Identified the ring "Xust" {rF+ Will+ MP+9 Str+3 Int-4}
 42242 | Elf:3    | Noticed a Brimstone Fiend
 42679 | Elf:3    | Noticed a Brimstone Fiend
 42824 | Elf:3    | Identified the +4 scale mail "Ymaffuf" {*Corrode rN+++
                  | Int+8 Stlth-}
 43306 | Elf:3    | Identified the +0 robe of the Accordion {Str+4 Dex+3}
 43358 | Elf:3    | Identified the +7 shadow dragon scales of Fote {Will+
                  | Stlth++++}
 43380 | Elf:3    | Identified the +1 short sword "Uruil" {pain, Int+3}
 43389 | Elf:3    | Identified the +9 long sword of Xom's Supremacy {vorpal,
                  | Will+ Stlth+}
 43792 | Elf:3    | Reached XP level 20. HP: 142/142 MP: 30/30
 44580 | Snake:1  | Bought a manual of Dodging for 1360 gold pieces
 44716 | D:9      | Fell from the grace of the Shining One
 44716 | D:9      | Became a worshipper of Zin the Law-Giver
 44716 | D:9      | Reached * piety under Zin
 44716 | D:9      | Reached ** piety under Zin
 44716 | D:9      | Reached *** piety under Zin
 44716 | D:9      | Reached **** piety under Zin
 44716 | D:9      | Reached ***** piety under Zin
 44871 | Swamp:1  | Entered Level 1 of the Swamp
 45141 | Swamp:1  | Noticed Kirke
 45163 | Swamp:1  | Reached skill level 5 in Dodging
 45184 | Swamp:1  | Killed Kirke
 45418 | Swamp:1  | Identified the +0 leather armour of the Sun {rPois rF++
                  | Dex+3}
 45505 | Swamp:1  | Identified the +0 cloak of Impressiveness {rF++}
 45745 | Swamp:2  | Noticed Frances
 45765 | Swamp:2  | Killed Frances
 46315 | Swamp:2  | Reached skill level 15 in Invocations
 46732 | Swamp:3  | Identified a scroll of acquirement
 46733 | Swamp:3  | Acquired a manual of Armour
 46767 | Swamp:3  | Noticed Roxanne
 46797 | Swamp:3  | Killed Roxanne
 47312 | Swamp:3  | Reached ****** piety under Zin
 47579 | Swamp:4  | Entered Level 4 of the Swamp
 49024 | Swamp:4  | Got a decaying rune of Zot
 49530 | Depths:1 | Reached skill level 21 in Fighting
 49546 | Depths:1 | Reached XP level 21. HP: 120/148 MP: 32/32
 49664 | Depths:1 | Noticed Mara
 50856 | Depths:1 | Noticed Decritt's illusion
 50856 | Depths:1 | Killed Mara
 51038 | Depths:1 | Noticed a golden dragon
 51049 | Depths:1 | Killed a golden dragon
 51148 | Depths:1 | Identified the +1 broad axe of Kouha {vorpal, rF+}
 51189 | Depths:1 | Noticed a juggernaut
 51219 | Depths:1 | Killed a juggernaut
 51521 | Depths:1 | Identified the +2 war axe "Vegyjua" {pain, rF- rC+ rCorr}
 51737 | Depths:1 | Found an ancient bone altar of Kikubaaqudgha.
 52283 | Depths:2 | Noticed a juggernaut
 52283 | Depths:2 | a rockslime changed into a juggernaut
 52539 | Depths:1 | a juggernaut changed into a rockslime
 53145 | Depths:2 | Reached skill level 10 in Dodging
 53190 | Depths:2 | Found a one-way gate leading to the halls of Pandemonium.
 53343 | Depths:2 | Found a burning altar of Makhleb.
 53344 | Depths:2 | Found a burning altar of Makhleb.
 53344 | Depths:2 | Found the +14 obsidian axe {vorpal, Mesm Drain Fly SInv}
 54107 | Depths:3 | Reached XP level 22. HP: 93/155 MP: 23/33
 54642 | Depths:3 | Noticed Louise
 54675 | Depths:3 | Killed Louise
 54748 | Depths:3 | Found a gateway to a ziggurat.
 55442 | Depths:4 | Entered Level 4 of the Depths
 55644 | Depths:4 | Found Qefo's Weapon Shoppe.
 55903 | Depths:4 | Noticed a juggernaut
 56302 | Depths:4 | Found a gate to the Realm of Zot.
 57153 | Depths:4 | Noticed Jory
 57170 | Depths:4 | Killed Jory
 57344 | Vaults:1 | Entered Level 1 of the Vaults
 58992 | Vaults:2 | Noticed Mennas
 58995 | Vaults:2 | Found a crumbling gateway.
 59026 | Vaults:2 | Killed Mennas
 59041 | Vaults:2 | Found a white marble altar of Elyvilon.
 59041 | Vaults:2 | Found a glowing golden altar of the Shining One.
 59041 | Vaults:2 | Found a glowing silver altar of Zin.
 59048 | Desolati | Entered the Desolation of Salt
 59073 | Desolati | Reached skill level 22 in Fighting
 59693 | Desolati | Got the Papyrus of Existentialism
 59695 | Desolati | Got Sif Muna's Volume of Lethal Evil Secrets
 59716 | Desolati | Identified the +1 plate armour of Daffodils {rPois}
 59855 | Desolati | Reached XP level 23. HP: 162/162 MP: 35/35
 60060 | Desolati | Identified the +5 triple sword "Ocwetet" {distort, rCorr
                  | Str+3}
 60063 | Desolati | Identified the +8 quarterstaff "Piuggeeck" {venom, *Corrode
                  | rF+ rC+ Int+2}
 60203 | Desolati | Identified the ring "Jucoyng" {Fire Str+4}
 60219 | Desolati | Identified the amulet of Jaug {Acrobat Will+ Str+3 Stlth+}
 60447 | Vaults:2 | Acquired 1055 gold pieces
 61636 | Vaults:2 | Noticed Donald
 61653 | Vaults:2 | Killed Donald
 63731 | Vaults:3 | Found a staircase to the Crypt.
 65078 | Vaults:4 | Reached XP level 24. HP: 169/169 MP: 35/35
 65186 | Vaults:4 | Found Lyilluf's Antique Armour Emporium.
 65882 | Vaults:4 | Found Lyhucl Naptu's Assorted Antiques.
 66051 | Vaults:4 | Identified the amulet of Ozexyng {rF++ Regen+ SInv}
 66477 | Vaults:5 | Entered Level 5 of the Vaults
 66489 | Vaults:5 | Reached skill level 23 in Fighting
 66783 | Vaults:5 | Noticed Boris
 66841 | Vaults:4 | Killed Boris
 67261 | Vaults:5 | Noticed a dread lich
 67532 | Vaults:4 | Killed a dread lich
 67794 | Vaults:5 | Identified the +0 pair of gloves of Ashenzari {rN+ Slay+3}
 68721 | Vaults:5 | Found Acyfom's Magic Scroll Emporium.
 68726 | Vaults:5 | Bought a scroll of teleportation for 51 gold pieces
 68726 | Vaults:5 | Bought a scroll of fear for 59 gold pieces
 68726 | Vaults:5 | Bought 2 scrolls of enchant weapon for 255 gold pieces
 68778 | Vaults:5 | Noticed a dread lich
 68791 | Vaults:5 | Killed a dread lich
 68792 | Vaults:5 | Reached XP level 25. HP: 176/176 MP: 35/35
 68924 | Vaults:5 | Identified the +4 dagger of Extinguishment {antimagic,
                  | rElec Will+}
 69100 | Vaults:5 | Got the Tome of Arcane Weapons and Dark Rites
 69109 | Vaults:5 | Noticed an ancient lich
 69133 | Vaults:5 | Identified the +2 halberd of Accord {antimagic, Int+3}
 69137 | Vaults:5 | Killed an ancient lich
 69195 | Vaults:5 | Identified the ring "Wewet" {+Blink rElec Will- Str+6
                  | Int+3}
 69478 | Vaults:5 | Noticed an ancient lich
 69485 | Vaults:5 | Killed an ancient lich
 69490 | Vaults:5 | Got a silver rune of Zot
 69517 | Vaults:5 | Identified the +5 chain mail of Edestito {rF+}
 69519 | Vaults:5 | Got Uquybago's Grimoire of Contamination
 69965 | Vaults:5 | Found Acyfom's Magic Scroll Emporium.
 70947 | Vaults:4 | Bought an embroidered cloak for 262 gold pieces
 71367 | Vaults:4 | Bought a potion of haste for 430 gold pieces
 71367 | Vaults:4 | Bought a scroll of teleportation for 129 gold pieces
 71686 | Slime:1  | Entered Level 1 of the Pits of Slime
 72433 | Slime:3  | Found a viscous altar of Jiyva.
 72986 | Slime:4  | Paralysed by a floating eye for 3 turns
 73408 | Slime:5  | Entered Level 5 of the Pits of Slime
 73958 | Slime:5  | Found a viscous altar of Jiyva.
 73959 | Slime:5  | Noticed the Royal Jelly
 73985 | Slime:5  | Killed the Royal Jelly
 74299 | Slime:5  | Found the +8 demon trident "Rift" {distort, reach+}
 74305 | Slime:5  | Got a slimy rune of Zot
 74361 | Slime:5  | Identified the +8 battleaxe "Kikhlid" {vorpal, Stlth+}
 74366 | Slime:5  | Identified the +4 dagger of Breach {flame, rF+ Str+3 Int+3}
 74367 | Slime:5  | Identified the +1 robe of the Northern Lights {rCorr}
 74934 | Crypt:1  | Entered Level 1 of the Crypt
 75022 | Crypt:1  | Identified the +1 ring mail "Caur" {Harm rElec Str+3}
 75352 | Crypt:1  | Identified the +4 mace of Hoafacy {spect, rCorr}
 75414 | Crypt:1  | Noticed Xtahua
 75425 | Crypt:1  | Killed Xtahua
 75426 | Crypt:1  | Reached skill level 24 in Fighting
 75536 | Crypt:1  | Reached XP level 26. HP: 184/184 MP: 35/35
 76520 | Crypt:3  | Entered Level 3 of the Crypt
 76924 | Crypt:3  | Found a staircase to the Tomb.
 77096 | Crypt:3  | Identified the ring of the Final Decision {rF+ rN+ Will+
                  | Slay+3 Stlth-}
 77217 | Crypt:3  | Got the Papyrus of Necromancy
 77598 | Crypt:3  | Found an ancient bone altar of Kikubaaqudgha.
 77647 | Crypt:3  | Found the +1 cloak of Starlight {*Dazzle EV+4 Stlth--}
 77666 | Crypt:3  | Identified the +1 plate armour of Gagaff {Harm rC+ Dex-4}
 77696 | Crypt:3  | Noticed a dread lich
 77702 | Crypt:3  | Killed a dread lich
 78177 | Hell     | Entered the Vestibule of Hell
 78177 | Hell     | Noticed Geryon
 78854 | Hell     | Killed Geryon
 78908 | Hell     | Reached skill level 25 in Fighting
 78942 | Hell     | Found a gateway to the ashen valley of Gehenna.
 79046 | Hell     | Found a gateway to the decaying netherworld of Tartarus.
 79194 | Hell     | Found a gateway to the freezing wastes of Cocytus.
 79285 | Hell     | Found a gateway to the Iron City of Dis.
 79423 | Geh:1    | Entered Level 1 of Gehenna
 79695 | Geh:2    | Donated 3612 gold pieces to Zin
 79749 | Geh:2    | Noticed an ancient lich
 79758 | Geh:2    | Killed an ancient lich
 80071 | Geh:3    | Reached XP level 27. HP: 150/192 MP: 36/36
 80586 | Geh:3    | Noticed an ancient lich
 80597 | Geh:3    | Killed an ancient lich
 81529 | Geh:6    | Reached skill level 15 in Dodging
 81873 | Geh:7    | Entered Level 7 of Gehenna
 82307 | Geh:7    | Identified the +1 leather armour of Botwyczoecs {Will+}
 82665 | Geh:7    | Identified the ring of the Heavens {rC- rN+++ MP+9 AC+4
                  | Int-3}
 82670 | Geh:7    | Identified the +5 hand crossbow "Anoippum" {penet, Fly
                  | Str+2 Stlth+}
 82801 | Geh:7    | Reached skill level 26 in Fighting
 83173 | Geh:7    | Found the +7 sceptre of Asmodeus
 83173 | Geh:7    | Noticed Asmodeus
 83203 | Geh:7    | Killed Asmodeus
 83372 | Geh:7    | Got an obsidian rune of Zot
 83391 | Geh:7    | Identified the amulet of Vampiric Thralls {Contam rElec rN+
                  | Regen+ Str+2 SInv}
 83618 | Tar:1    | Entered Level 1 of Tartarus
 85303 | Coc:1    | Entered Level 1 of Cocytus
 86020 | Dis:1    | Entered Level 1 of the Iron City of Dis
 86020 | Dis:1    | You are sucked into a shaft and drop 1 floor!
 87023 | Dis:1    | Reached skill level 27 in Fighting
 87376 | Depths:1 | Acquired the ring "Poasipru" {rPois rF++ Will+ Str+4 Int-3}
 88681 | Coc:2    | You are sucked into a shaft and drop 1 floor!
 89460 | Coc:5    | Paralysed by a wendigo for 1 turns
 90294 | Coc:6    | Zin protects you from harm!
 90313 | Coc:6    | HP: 9/194 [shard shrike (3)]
 90313 | Coc:6    | HP: 1/194 [shard shrike (8)]
 90969 | Depths:1 | Voluntarily entered the Abyss.
 91864 | Abyss:1  | Noticed an ancient lich
 91867 | Abyss:1  | Killed an ancient lich
 92228 | Abyss:4  | Noticed a dread lich
 92234 | Abyss:4  | Killed a dread lich
 92352 | Abyss:4  | Got an abyssal rune of Zot
 92446 | Depths:1 | Escaped the Abyss
 92784 | Pan      | Entered Pandemonium
 92894 | Pan      | Found a huge runed translucent gate.
 92896 | Pan      | Found a huge runed translucent gate.
 92897 | Pan      | Found a huge runed translucent gate.
 92897 | Pan      | Found a huge runed translucent gate.
 92897 | Pan      | Found a huge runed translucent gate.
 92897 | Pan      | Found a huge runed translucent gate.
 92898 | Pan      | Found a huge runed translucent gate.
 92906 | Pan      | Noticed Zusyudal the pandemonium lord
 92928 | Pan      | Killed Zusyudal the pandemonium lord
 94061 | Pan      | Noticed Katuof the pandemonium lord
 94071 | Pan      | Killed Katuof the pandemonium lord
 94073 | Pan      | Identified the ring of Teoqican {Ice SInv}
 94116 | Pan      | Found an exit through the horrors of the Abyss.
 94951 | Pan      | Noticed Asomaim the pandemonium lord
 94962 | Pan      | Killed Asomaim the pandemonium lord
 95130 | Pan      | Noticed a seraph
 95160 | Pan      | Killed a seraph
 95191 | Pan      | Found a glowing golden altar of the Shining One.
 95234 | Pan      | Got a demonic rune of Zot
 95235 | Pan      | Identified the +6 flail of Past Mistakes {vorpal, rN+ Str+2
                  | Int+5}
 95238 | Pan      | Identified the +10 mace "Ynywoil" {vorpal, *Slow rElec
                  | Str+5}
 95240 | Pan      | Identified the +4 whip of Losuosor {vorpal, Drain rC+ MP+9
                  | Int+4}
 95659 | Pan      | Identified the ring "Baama" {Will+ Dex+4}
 95885 | Pan      | Found a glowing silver altar of Zin.
 95934 | Pan      | HP: 9/199 [daeva/divine providence (11)]
 96406 | Depths:2 | Escaped Pandemonium
 96410 | Pan      | Entered Pandemonium
 96569 | Pan      | Noticed Gaixtyeng the pandemonium lord
 96665 | Pan      | Killed Gaixtyeng the pandemonium lord
 97301 | Pan      | Found an exit through the horrors of the Abyss.
 97378 | Pan      | Found a runed translucent door.
 97490 | Pan      | Noticed Fonisux the pandemonium lord
 97495 | Pan      | Killed Fonisux the pandemonium lord
 97838 | Pan      | Noticed Omicwem the pandemonium lord
 97899 | Pan      | Killed Omicwem the pandemonium lord
 98406 | Pan      | Entered the realm of Cerebov.
 98966 | Pan      | Found the +6 sword of Cerebov {flame}
 98966 | Pan      | Noticed Cerebov
 98994 | Pan      | Killed Cerebov
 99032 | Pan      | Got a fiery rune of Zot
 99105 | Pan      | Got the Almanac of Battle Magic
 99120 | Pan      | Identified the +2 robe "Nixetuhu" {rPois}
 99135 | Pan      | Identified the ring "Ohepni Ikety" {Str+6 Int+6}
 99145 | Pan      | Identified the +3 ring mail of Jaibumi {rElec Dex+3 SInv}
 99151 | Pan      | Identified the ring "Tuisefat" {Ice Will+ Str+4 Dex-3}
 99153 | Pan      | Identified the ring "Diolarra" {rF+ Will+++ rCorr Int-5
                  | Dex-4}
 99155 | Pan      | Identified the +2 halberd "Bipradoi" {drain, *Noise rCorr
                  | Str+2 Int+3 Dex+7}
 99464 | Pan      | Noticed Gixyqera the pandemonium lord
 99575 | Pan      | Killed from afar by Gixyqera the pandemonium lord

Illustrated notes

Levels and vault maps discovered:
D:1:      lightli_arrival_flooded_house, layout_loops_ring,
          hellmonk_ecumenical_altar_run_dry
D:2:      layout_basic, basic_altar, minivault_11, uniq_robin
D:3:      layout_loops_ring, old_standard_altar, fedhas_ov_isle_minmay,
          serial_shops, nicolae_shop_waterfront, minmay_misc_feat_hallway,
          grunt_ministairs_10
D:4:      kennysheep_big_flooded_room, layout_loops_ring,
          minmay_misc_feat_more_columns
D:5:      layout_cave_pods, minitemple, minmay_temple_entry_glassed_door,
          serial_shops, nicolae_shop_hallway_plus
D:6:      layout_layer_cave, mainiacjoe_overflow_six_doors_small
D:7:      layout_cave_pods, uniq_harold, uniq_maggie, uniq_prince_ribbit1
D:8:      layout_rooms, serial_shops, nicolae_diamond_shop,
          nicolae_elevator_lobby_plus, uniq_grum
D:9:      layout_gridville, mainiacjoe_overflow_alcove_1,
          nicolae_overflow_squiral, david_orc_2, minmay_misc_feat_chi,
          uniq_pikel
D:10:     layout_grid_maze
D:11:     layout_basic, erik_lair_orcish_takeover, minmay_rotating_lava
D:12:     layout_basic
D:13:     layout_roguey
D:14:     layout_basic, grunt_vaults_entry_fortified, kennysheep_big_empty_room
D:15:     hangedman_depths_entry_civil_slaughter, layout_irregular_city,
          serial_shops, nicolae_lakefront_shop, serial_park_square1
          [serial_park_minivault_5x5_6], uniq_rupert
Temple:   compressed_dpeg_circular_temple
Lair:1:   layout_roguey [special_room_bee], gauntlet_entry_generic,
          fungi_pond_lemuel, hangedman_lair_generics_rect, grunt_megastairs_4
Lair:2:   dpeg_oklob_gauntlet, layout_loops_ring,
          minmay_snake_entry_guardpost_small, gammafunk_ghost_berserking_beasts
Lair:3:   layout_cave_pods, nicolae_swamp_entry_splash_gauntlet,
          grunt_megastairs_5, lemuel_fruit_fields
Lair:4:   layout_hall_layers, kennysheep_snail_temple,
          infiniplex_staircase_pool_2
Lair:5:   layout_regular_city, slime_altar_1, nicolae_volcano_entry_batcave
Lair:6:   minmay_lair_end_enchanted_forest, layout_gridlike,
          ebering_ghost_reflecting_pool, minmay_stone_trees_large, uniq_sonja
Swamp:1:  layout_basic_swamp, serial_swamp_ruin, evilmike_swamp_ruin_house_6,
          evilmike_swamp_ruin_rubble_1, evilmike_swamp_ruin_house_4, uniq_kirke
Swamp:2:  layout_basic_swamp, nicolae_swamp_small_spring, swamp_pool2,
          infiniplex_staircase_pool, uniq_frances
Swamp:3:  layout_basic_swamp, evilmike_swamp_ruin_house_5, swamp_pool4,
          uniq_roxanne
Swamp:4:  nzn_swamp_witches_coven, layout_basic_swamp
Snake:1:  layout_misc_corridors, nicolae_shop_self_help
Snake:2:  layout_basic, uniq_vashnia
Snake:3:  layout_onion, drop_trap, st_stairs_8
Snake:4:  minmay_snake_end_coiled, layout_cave_shapes, grunt_ministairs_13,
          nicolae_snake_serpentine_hallways
Slime:1:  layout_caves
Slime:2:  layout_caves
Slime:3:  layout_caves, basic_altar
Slime:4:  layout_caves
Slime:5
Orc:1:    nicolae_orc_accident_3, layout_diamond_mine, serial_shops, shop
Orc:2:    grunt_orc_gardens, layout_caves, grunt_orc_garden, grunt_orc_garden,
          grunt_orc_garden, grunt_orc_garden, serial_shops,
          nicolae_shop_behind_doors
Elf:1:    elf_arrival_001, layout_loops_corners, hangedman_elf_disciples,
          uniq_jorgrun
Elf:2:    nicolae_elf_blades_crystal_corner, layout_geoelf_grid, serial_shops,
          nicolae_shop_bloodbath_and_beyond, uniq_louise
Elf:3:    minmay_elf_hall_furrowed, layout_geoelf_castle, serial_shops,
          nicolae_shop_crystal, eino_tiny_chamber, uniq_saint_roka
Vaults:1: grunt_vaults_diagonal, st_smaller_cells, v_misc_15, v_misc_14,
          v_alt_pattern_5, nicolae_vaults_three_branches, vaults_mumra_lcd,
          layout_vaults_chaotic_city
Vaults:2: portal_desolation_entry_holy_temple, hangedman_vaults_slither,
          nicolae_vaults_little_squares_1, hangedman_vaults_maws,
          nicolae_vaults_little_squares_6, special_room_vaults
          [special_room_orc], dpeg_vaults_monster_box, vaults_room_hallway,
          layout_vaults_omnigrid, uniq_donald, uniq_mennas
Vaults:3: minmay_crypt_entry_nasty_monster, hangedman_vaults_slice,
          nicolae_vaults_murderbox, vaults_room_ringed_pool,
          ontoclasm_vaults_ring_square, v_misc_9, vaults_mumra_chevron,
          vaults_room_corners, vaults_dpeg_doors, vaults_room_grid,
          ontoclasm_vaults_eye, v_misc_23, layout_vaults_omnibox, serial_glass
Vaults:4: st_check, ontoclasm_vaults_chip, vaults_room_hallway, v_misc_27,
          nicolae_vaults_border_crossing, hangedman_vaults_unwind,
          nicolae_vaults_big_ls, v_misc_27, vaults_room_pools,
          nicolae_vaults_asterisk, vaults_room_fancy_cross,
          vaults_room_stairs_pillars, vaults_room_mumra_shop_pool,
          nicolae_vaults_theta, layout_vaults_big_cross, serial_shops,
          nicolae_shop_window_shopping
Vaults:5: serial_shops, uniq_boris
Crypt:1:  layout_chaotic_city, grunt_megastairs_3, grunt_crypt_arrival_split,
          uniq_xtahua
Crypt:2:  layout_chaotic_city
Crypt:3:  quadcrypt_mu
Depths:1: vault_1, layout_basic, hangedman_abyss_or_decor_stagger,
          hangedman_abyss_entry_splay, nicolae_hell_entry_hellmouth_sunbeams,
          minmay_fountain_box, kiku_gazebo_garden_becter, uniq_mara
Depths:2: minmay_angry_zag, layout_basic, pf_hell_entry_tar_spiral,
          corexii_leaking_fountain, grunt_pan_entry_spiral,
          grunt_guarded_unrand_obsidian_axe
Depths:3: nzn_winding_woodlands_cross [nzn_winding_woodlands_5x15_lazy_stream,
          nzn_winding_woodlands_5x15_river_crossing,
          nzn_winding_woodlands_5x15_eye, nzn_winding_woodlands_5x15_concentric,
          nzn_winding_woodlands_15x15_boxy_spiral], layout_twisted_cross,
          enter_ziggurat_d, roderic_roman_lattice,
          nicolae_abyss_entry_one_way_or_another, hangedman_geh_valley
Depths:4: evilmike_zot_entry_argh, layout_gridlike, serial_sigils,
          serial_sigils_hangedman_writhe, serial_sigils_hangedman_leer,
          serial_sigils_hangedman_snap, serial_sigils_hangedman_scratch,
          serial_sigils_hangedman_quiver, serial_shops, shop, hell_entry,
          uniq_jory
Hell
Dis:1:    layout_overlapping_boxes, nicolae_dis_strange_trophy_room
Dis:2:    layout_jigsaw
Dis:3:    layout_subdivisions
Dis:4:    layout_gridville
Dis:5:    nicolae_dis_metal_hellway, layout_regular_city
Geh:1:    layout_gehenna_pools_triple
Geh:2:    layout_gehenna_pools_box
Geh:3:    layout_gehenna_lava_caves
Geh:4:    layout_gehenna_pools_basic, lemuel_old_faithful
Geh:5:    layout_gehenna_lava_caves
Geh:6:    layout_gehenna_lava_caves
Geh:7:    evilmike_geh
Coc:1:    layout_cocytus_water_paths, serial_ice
Coc:2:    layout_cocytus_water_paths
Coc:3:    layout_cocytus_delve
Coc:4:    layout_cocytus_water_paths
Coc:5:    nicolae_coc_two_mouths, layout_cocytus_water_paths
Coc:6:    nicolae_coc_three_mouths, layout_ice_bergs
Tar:1:    layout_grid_maze
Tar:2:    layout_catacombs, nicolae_hells_fiendish_ambush
Pan:      nicolae_pan_giant_door, layout_irregular_city, rand_demon_7,
          layout_chambers, evilmike_mini_pan_layers, layout_irregular_city,
          pan_blood_fountain, pan_blood_fountain_2, grunt_pan_in_and_out,
          layout_irregular_city, evilmike_holy_pan,
          evilmike_mini_pan_other_thingy, layout_onion_city, rand_demon_9,
          layout_cross, grunt_pan_frozen_over, layout_long_grid,
          pan_blood_fountain_small, pan_captured_pigsty,
          nicolae_pan_cerebovesque_2, evilmike_cerebov_lava, layout_basic,
          rand_demon_5, layout_grid_shapes, rand_demon_6, layout_rooms

Skill      XL: |  1  2  3  4  5  6  7  8  9 10 11 12 13 14 15 16 17 18 19 20 21 22 23 24 25 26 27 |
---------------+----------------------------------------------------------------------------------+-----
Fighting       | 4 5 6 7 8 10 12 13 14 15 16 18 19 20 21 22 23 24 25 27 | 27.0
Maces & Flails | 3 4 5 6 7 8 9 11 12 13 14 15 16 17 18 19 21 26 | 26.7
Armour         | 4 5 7 8 9 10 11 12 13 14 15 16 17 19 20 21 22 23 25 | 25.8
Shields        | 4 5 6 8 9 10 11 12 14 16 18 20 21 22 23 24 25 | 25.0
Invocations    | 3 5 7 8 9 10 11 12 13 14 15 16 17 18 25 | 25.0
Dodging        | 2 4 7 10 12 13 14 19 | 19.6

Action                   |  1- 3 |  4- 6 |  7- 9 | 10-12 | 13-15 | 16-18 | 19-21 | 22-24 | 25-27 || total
-------------------------+-------+-------+-------+-------+-------+-------+-------+-------+-------++-------
Melee: Flail             |   128 |    31 |       |   610 |  1383 |  1341 |       |       |       ||  3493
       Whip              |       |   167 |   360 |    55 |       |       |       |       |       ||   582
       Sacred scourge    |       |       |       |       |       |   684 |  1925 |  2755 |  5740 || 11104
       Maul              |       |       |       |       |       |       |     2 |       |       ||     2
Throw: Boomerang         |       |       |       |    15 |    46 |       |   190 |       |       ||   251
       Javelin           |       |       |       |       |     5 |     1 |       |       |       ||     6
Invok: Brand Weapon With |       |       |       |       |       |     1 |       |       |       ||     1
       Recite            |       |       |       |       |       |       |     2 |     1 |       ||     3
       Donate Gold       |       |       |       |       |       |       |       |       |     1 ||     1
       Sanctuary         |       |       |       |       |       |       |       |       |     2 ||     2
Evoke: Wand              |       |       |       |       |       |     5 |     3 |     1 |       ||     9
       Phial of floods   |       |       |       |       |       |       |     1 |     1 |       ||     2
       Phantom mirror    |       |       |       |       |       |       |     1 |       |       ||     1
  Use: Scroll            |       |     4 |     6 |     5 |    16 |    16 |     7 |     9 |    31 ||    94
       Potion            |       |       |     2 |     4 |     3 |     5 |     6 |    11 |    22 ||    53
 Stab: Sleeping          |       |       |       |       |       |       |     2 |    13 |       ||    15
       Confused          |       |       |       |       |       |       |     2 |     4 |       ||     6
       Distracted        |       |       |       |       |       |       |     2 |       |     2 ||     4
       Paralysed         |       |       |       |       |       |       |     2 |       |     1 ||     3
       Invisible         |       |       |       |       |       |       |       |       |    31 ||    31
Armor: Scale mail        |    83 |    23 |       |       |       |       |       |       |       ||   106
       Plate armour      |       |    99 |   253 |   668 |   991 |  1106 |   197 |       |       ||  3314
       Chain mail        |       |       |       |       |     7 |   127 |       |       |       ||   134
       Shadow dragon sca |       |       |       |       |       |       |   646 |   942 |    62 ||  1650
       Gold dragon scale |       |       |       |       |       |       |       |       |  1584 ||  1584
Dodge: Dodged            |    70 |    46 |    83 |   226 |   430 |   533 |   440 |   771 |  1796 ||  4395
Block: Buckler           |    40 |    46 |   119 |    59 |       |       |       |       |       ||   264
       Kite shield       |       |       |       |   381 |   982 |   759 |       |       |       ||  2122
       Tower shield      |       |       |       |       |       |   996 |  1831 |  2751 |  5685 || 11263

Table legend: (Time is in decaauts)
 A = Elapsed time spent in this place.
 B = Non-inter-level travel time spent in this place.
 C = Inter-level travel time spent in this place.
 D = Time resting spent in this place.
 E = Time spent auto-exploring this place.
 F = Levels seen in this place.
 G = Mean time per level.
                   A        B        C        D        E       F      G
               +--------+--------+--------+--------+--------+-----+--------+
         Total |  94239 |  89432 |   4807 |  24586 |  41033 |  91 | 1035.6 |
       Dungeon |  17816 |  16132 |   1684 |   4106 |   8998 |  15 | 1187.7 |
        Temple |    118 |    105 |     13 |      0 |     84 |   1 |  118.0 |
          Lair |   9577 |   8833 |    744 |   1741 |   5149 |   6 | 1596.2 |
         Swamp |   4148 |   4006 |    142 |   1105 |   2023 |   4 | 1037.0 |
     Snake Pit |   7917 |   7672 |    245 |   3059 |   2689 |   4 | 1979.2 |
    Slime Pits |   2668 |   2580 |     88 |    792 |   1088 |   5 |  533.6 |
  Orcish Mines |   1741 |   1628 |    113 |    155 |   1013 |   2 |  870.5 |
   Elven Halls |   6461 |   6264 |    197 |   2337 |   2132 |   3 | 2153.7 |
        Vaults |  11860 |  11256 |    604 |   2471 |   6229 |   5 | 2372.0 |
         Crypt |   2798 |   2654 |    144 |      0 |   1829 |   3 |  932.7 |
        Depths |   8024 |   7672 |    352 |   1521 |   3913 |   4 | 2006.0 |
          Hell |   3784 |   3734 |     50 |   2612 |    486 |   1 | 3784.0 |
           Dis |    978 |    725 |    253 |     34 |    302 |   5 |  195.6 |
       Gehenna |   3461 |   3346 |    115 |    971 |   1037 |   7 |  494.4 |
       Cocytus |   1859 |   1818 |     41 |    936 |    396 |   6 |  309.8 |
      Tartarus |    989 |    971 |     18 |    755 |     98 |   2 |  494.5 |
         Abyss |   1226 |   1226 |      0 |      0 |    379 |   4 |  306.5 |
   Pandemonium |   5913 |   5913 |      0 |    465 |   2612 |  11 |  537.5 |
       Volcano |    408 |    408 |      0 |    108 |    161 |   1 |  408.0 |
    Desolation |   1137 |   1137 |      0 |    550 |    270 |   1 | 1137.0 |
      Gauntlet |   1345 |   1345 |      0 |    868 |    145 |   1 | 1345.0 |
               +--------+--------+--------+--------+--------+-----+--------+

Top non-repeatable levels by time:
    Hell: 3784 daAuts
Depths:1: 3369 daAuts
Vaults:4: 3359 daAuts
Vaults:5: 3053 daAuts
 Snake:3: 2974 daAuts
Vaults:2: 2491 daAuts
 Snake:4: 2378 daAuts
   Elf:2: 2225 daAuts
   Elf:3: 2210 daAuts
  Lair:3: 2085 daAuts
   Elf:1: 2025 daAuts
    D:11: 1957 daAuts
    D:15: 1917 daAuts
  Lair:2: 1798 daAuts
  Lair:6: 1782 daAuts
